[Event "*** SCC Grand Prix: Titled Tuesday Blitz"]
[Site "Chess.com"]
[Date "2020.08.11"]
[Round "8"]
[White "TregubovP"]
[Black "BeanScreen"]
[Result "1-0"]
[WhiteElo "2601"]
[BlackElo "2694"]
[TimeControl "180+1"]
[EndTime "11:36:18 PDT"]
[Termination "TregubovP won by checkmate"]

1. e4 e5 2. Nf3 Nc6 3. Bb5 a6 4. Ba4 d6 5. d4 b5 6. Bb3 Nxd4 7. Nxd4 exd4 8. Bd5 Rb8 9. Qxd4 c5 10. Qd3 Nf6 11. Nc3 Be7 12. Bc6+ Bd7 13. Bxd7+ Qxd7 14. Bg5 O-O 15. O-O Rfe8 16. Rad1 Qe6 17. Rfe1 h6 18.
Bh4 Rbd8 19. h3 Nd7 20. Bxe7 Ne5 21. Qg3 Qxe7 22. f4 Ng6 23. Nd5 Qh4 24. Qxh4 Nxh4 25.
f5 Re5 26. Kf2 Rde8 27. g3 Nxf5 28. exf5 Rxf5+ 29. Nf4 Rxe1 30. Kxe1 g5 31. Rd5 Rf6 32. Nh5 Re6+ 33. Kf2 Kf8 34. g4 Ke7 35. Ng7 Rg6 36. Nf5+ Kd7 37. Kf3 Re6 38. b3 b4 39. Rd3 Kc6 40.
Re3 Rf6 41. Re7 h5 42. Ke4 hxg4 43. hxg4 a5 44. Ra7 Kb6 45. Rd7 Kc6 46. Re7 Rg6 47. Rxf7 Re6+ 48. Kd3 d5 49. Rg7 Re4 50. Rg6+ Kc7 51.
Rxg5 c4+ 52. bxc4 Rxc4 53. Ne3 Rc3+ 54. Kd2 Ra3 55. Rxd5 Rxa2 56. g5 Ra1 57. g6 Rg1 58. Rxa5 Rxg6 59. Nd5+ Kb7 60. Rb5+ Ka6 61. Rxb4 Rg5 62.
c4 Ka5 63. Rb5+ Ka6 64. Nc7+ Ka7 65. Rxg5 Kb6 66. Kd3 Kc6 67. Kc3 Kxc7 68. Kc2 Kc6 69. Kb2 Kb6 70. Kb3 Kc6 71. Kc3 Kb6 72. Kc2 Kc6 73. Kb2 Kb6 74. Kc3 Kc6 75. Kd3 Kb6 76.
Kd4 Kc6 77. Rg6+ Kd7 78. c5 Ke7 79. Kd5 Kf7 80. c6 Kxg6 81. Kd6 Kf6 82. Kd7 Kf5 83.
c7 Ke4 84. c8=Q Ke5 85. Qe8+ Kd4 86. Qe6 Kc5 87. Qe5+ Kb6 88. Qd5 Ka7 89. Qb5 Ka8 90.
Kc7 Ka7 91. Qa5# 1-0

[Event "*** SCC Grand Prix: Titled Tuesday Blitz"]
[Site "Chess.com"]
[Date "2020.08.11"]
[Round "8"]
[White "FMalexhdez"]
[Black "c_r_e_e_p_e_r"]
[Result "1-0"]
[WhiteElo "2201"]
[BlackElo "2318"]
[TimeControl "180+1"]
[EndTime "11:36:22 PDT"]
[Termination "FMalexhdez won by checkmate"]

1. e4 c5 2. Nf3 e6 3. d4 cxd4 4. Nxd4 a6 5. c4 Qc7 6. Nc3 Nf6 7. Bd3 b6 8. Nc2 Bb7 9. O-O g6 10. Ne3 Bg7 11. b3 Nxe4 12. Nxe4 Bxa1 13. Ba3 Be5 14. Ng4 Bxe4 15. Bxe4 Nc6 16. f4 Bd4+ 17. Kh1 O-O-O 18. Nh6 d5 19. cxd5 exd5 20. Bd3 Kb7 21. Qe2 b5 22. Rc1 Rhe8 23. Qf1 Be3 24. Rc2 Qxf4 25. Nxf7 Qxf1+ 26. Bxf1 Rd7 27. Nd6+ Rxd6 28. Bxd6 Nd4 29. Rc7+ Kb6 30.
Rxh7 Bf2 31. g3 Nf5 32. Bc7+ Kc5 33. Kg2 Bd4 34. Bd3 Ne3+ 35. Kh3 g5 36. a3 g4+ 37. Kh4 Bf6+ 38. Kh5 Kd4 39. Bg6 Rg8 40. Bb6+ Kc3 41. Bxe3 Kxb3 42. Bc1 Rd8 43. Bf5 d4 44. Rd7 Rh8+ 45.
Kxg4 Rxh2 46. Be6+ Kc2 47. Bf4 d3 48. Kf5 Bc3 49.
g4 d2 50. Bxd2 Bxd2 51. g5 Rg2 52. g6 Rf2+ 53. Ke5 Re2+ 54. Kd6 Rg2 55. Bf7 Kc1 56. Kc5 Be3+ 57. Kc6 Rc2+ 58. Kb7 Rg2 59. Kxa6 Rg3 60. Kxb5 Bd2 61. Kc6 Rxa3 62. Kb7 Rb3+ 63. Kc8 Rg3 64. Rc7+ Kd1 65. Rd7 Ke1 66. Re7+ Kf1 67. Rd7 Bg5 68.
Rd5 Bf6 69. Rf5+ Kg2 70. Rxf6 Kh3 71. Kd8 Rc3 72. Ke7 Rd3 73. Kf8 Re3 74. g7 Rg3 75. g8=Q Rxg8+ 76. Bxg8 Kh2 77. Kg7 Kh1 78. Kg6 Kh2 79.
Rf4 Kh3 80. Kg5 Kh2 81. Bd5 Kh3 82. Rf3+ Kh2 83. Kg4 Kh1 84. Rg3+ Kh2 85. Rg2+ Kh1 86.
Rf2+ Kg1 87. Rf3 Kg2 88. Kf4 Kh2 89. Kg4 Kg2 90. Be6 Kh2 91. Rg3 Kh1 92. Kf3 Kh2 93. Kf2 Kh1 94. Rh3# 1-0

[Event "*** SCC Grand Prix: Titled Tuesday Blitz"]
[Site "Chess.com"]
[Date "2020.08.11"]
[Round "8"]
[White "AlexTriapishko"]
[Black "Guenplen"]
[Result "1/2-1/2"]
[WhiteElo "2678"]
[BlackElo "2871"]
[TimeControl "180+1"]
[EndTime "11:36:30 PDT"]
[Termination "Game drawn by repetition"]

1. e4 c5 2. Nf3 e6 3. d4 cxd4 4. Nxd4 Nf6 5. Nc3 Nc6 6. Qd3 d5 7. exd5 exd5 8. Be2 Be7 9. O-O O-O 10. Be3 Ne5 11. Qd2 Bb4 12. Bg5 h6 13. Bxf6 Qxf6 14. a3 Bxc3 15. Qxc3 Be6 16. Rad1 Rfc8 17. Qg3 a6 18. c3 Re8 19. Rfe1 Bd7 20. h3 Ba4 21. Ra1 Nc6 22. Qd3 Nxd4 23. Qxd4 Qxd4 24. cxd4 Re4 25.
Bf3 Rxd4 26. Re7 Bc6 27. Rae1 Rd2 28. R7e2 Rxe2 29. Rxe2 Kf8 30. Rd2 Rd8 31. Kf1 Ke7 32. Ke2 Kd6 33. Kd3 a5 34. Kd4 Re8 35. Re2 Re6 36. Bg4 Rf6 37. g3 g5 38. f4 gxf4 39.
Rf2 Bd7 40. Bxd7 Kxd7 41. Kxd5 Rd6+ 42. Ke5 fxg3 43. Rxf7+ Kc6 44. Rg7 Rd3 45. Kf4 b5 46. Rxg3 Rxg3 47. Kxg3 Kc5 48. Kg4 Kc4 49. Kh5 Kb3 50.
Kxh6 Kxb2 51. h4 a4 52. Kg5 b4 53. h5 bxa3 54. h6 a2 55. h7 a1=Q 56. h8=Q+ Ka2 57. Qg8+ Ka3 58. Qf8+ Kb3 59. Qf7+ Kb4 60. Qf8+ Kc4 61. Qf7+ Kd3 62. Qf5+ Ke2 63. Qg4+ Kf2 64. Qh4+ Ke2 65. Qg4+ Kd3 66. Qf5+ Kd2 67. Qf4+ Kc2 68. Qf5+ Kc1 69. Qf1+ Kb2 70. Qf6+ Kb1 71. Qf5+ Kc1 72. Qf1+ Kb2 73. Qf6+ Ka2 74. Qf7+ Ka3 75. Qf8+ Kb3 76. Qf7+ Kb4 77. Qf8+ Kb5 78. Qe8+ Kb6 79. Qe6+ Kc7 80. Qe7+ Kc6 81.
Qe8+ Kd6 82. Qd8+ Kc5 83. Qe7+ Kc4 84. Qf7+ Kb4 1/2-1/2

[Event "*** SCC Grand Prix: Titled Tuesday Blitz"]
[Site "Chess.com"]
[Date "2020.08.11"]
[Round "8"]
[White "Resignify"]
[Black "NotFischer"]
[Result "1/2-1/2"]
[WhiteElo "2197"]
[BlackElo "2097"]
[TimeControl "180+1"]
[EndTime "11:36:35 PDT"]
[Termination "Game drawn - insufficient material"]

1. e4 d5 2. exd5 Nf6 3. Nc3 Nxd5 4. Bc4 Nb6 5. Be2 Nc6 6. Nf3 Bf5 7. a3 e6 8. d4 Be7 9. h3 O-O 10. O-O Bf6 11. Be3 Re8 12. Qd2 h6 13. Rfe1 Qd7 14. Rad1 Rad8 15. Bd3 Nd5 16. Bxf5 exf5 17.
Nxd5 Qxd5 18. c3 Na5 19. Bf4 Nc4 20. Qc1 Rxe1+ 21. Rxe1 c5 22. b3 Nd6 23. c4 Qc6 24. d5 Qb6 25. Bxd6 Qxd6 26. Qc2 g6 27. a4 Kg7 28.
Qd2 Rd7 29. Qd3 Re7 30. Rxe7 Qxe7 31. Kf1 b6 32. Qe2 Qd6 33. g3 g5 34. Qd3 Qd7 35.
Kg2 g4 36. hxg4 fxg4 37. Nd2 Bd4 38. Qe4 f5 39. Qe2 Kf6 40. Nf1 Qe7 41. Qxe7+ Kxe7 42. Nd2 Kf6 43. f3 Ke5 44. f4+ Kf6 45. Kf1 Be3 46. Ke2 Bd4 47. Nf1 h5 48. Kd3 Ke7 49. Ke2 Kf6 50. Nd2 Kg6 51. Kf1 Bf6 52. Nb1 h4 53. Kg2 h3+ 54. Kh2 Bd4 55. Na3 a6 56. Nc2 Kf6 57. Ne1 Ke7 58. Nd3 Kd6 59. Ne1 b5 60. axb5 axb5 61. Nd3 bxc4 62. bxc4 Kc7 63. Ne5 Kd6 64.
Nd3 Kc7 65. Ne5 Kb6 66. Nd7+ Ka5 67. Nf8 Kb4 68. d6 Bf6 69. d7 Kxc4 70. Ne6 Be7 71.
d8=Q Bxd8 72. Nxd8 Kd3 73. Nc6 c4 74. Nb4+ Kd2 75.
Nd5 c3 76. Ne7 c2 77. Nxf5 c1=Q 78. Nh6 Ke1 79. Nxg4 Qd1 80. Kxh3 Qf3 81. Nh2 Qf2 82.
Ng4 Qf1+ 83. Kh4 Kd2 84. Kg5 Qh3 85. f5 Qxg3 86. f6 Ke2 87. f7 Qf3 88. Nf6 Qg3+ 89.
Kf5 Qf3+ 90. Ke6 Qa8 91. Ke7 Qb7+ 92. Nd7 Qe4+ 93. Kd8 Qf5 94. f8=Q Qxf8+ 95. Nxf8 1/2-1/2

[Event "*** SCC Grand Prix: Titled Tuesday Blitz"]
[Site "Chess.com"]
[Date "2020.08.11"]
[Round "8"]
[White "ENEASZ"]
[Black "Kavyev_Ruslan"]
[Result "1-0"]
[WhiteElo "2582"]
[BlackElo "2450"]
[TimeControl "180+1"]
[EndTime "11:36:47 PDT"]
[Termination "ENEASZ won by resignation"]

1. e4 c5 2. c3 d5 3. exd5 Qxd5 4. d4 Nf6 5. Nf3 Bg4 6. Be2 e6 7. O-O Nc6 8. Be3 cxd4 9. cxd4 Be7 10. h3 Bh5 11. Nc3 Qd6 12. Qb3 O-O 13. Rfd1 Rfd8 14.
Rac1 Qb4 15. Qxb4 Nxb4 16. g4 Bg6 17. Ne5 Rac8 18. Bf3 Nbd5 19. Nxd5 Nxd5 20. Rxc8 Rxc8 21. Rc1 Rxc1+ 22. Bxc1 Bd8 23. Be3 Bb6 24. Kf1 Kf8 25. Ke2 Ke7 26. a3 Bc2 27. Kd2 Ba4 28. Be4 h6 29. h4 Be8 30. h5 Bc7 31. Nd3 b6 32. Bxd5 exd5 33. Bf4 Bd8 34. Be5 f6 35.
Bb8 a5 36. Nf4 Bf7 37. f3 Kd7 38. Ne2 Kc6 39. Ng3 Be6 40. Bf4 Be7 41. Kc3 Kb5 42.
Bb8 Ka4 43. Ne2 b5 44. Nf4 b4+ 45. Kc2 bxa3 46. bxa3 Bf7 47. Ba7 Bxa3 48. Nd3 Kb5 49. Kc3 Be7 50. Bc5 Bd8 51. Bf8 g6 52. hxg6 Bxg6 53.
Nf4 Bf7 54. Bxh6 a4 55. Bf8 Ba5+ 56. Kb2 Kc4 57. Be7 Bc3+ 58. Ka3 Bxd4 59. Kxa4 Be5 60. Nh5 Bxh5 61. gxh5 f5 62. h6 d4 63. Bb4 d3 64.
Bd2 Bf6 65. h7 Be5 66. Ka3 Bf6 67. Ka4 Bg7 68. Ka3 Bf6 69. Ka2 Bg7 70. Kb1 Kb3 71. Kc1 Bf6 72. Kd1 Kb2 73. Bg5 Bc3 74. Bc1+ Kb3 75.
Bh6 Kc4 76. Bd2 Bg7 77. Ba5 Kd5 78. Kd2 Kc4 79. Bb6 Be5 80. Be3 f4 81. Bb6 Bc3+ 82. Kd1 Bg7 83. Bc7 Kd4 84. Bxf4 Bf6 85. Kd2 Bg7 86.
Bg3 Bf6 87. Bf2+ Ke5 88. Kxd3 Kf4 89. Ke2 Bg7 90. Be3+ Kf5 91. Kd3 Kg6 92. Bd4 Bxd4 93. Kxd4 Kxh7 94. Ke5 Kg7 95. Kf5 Kf7 96. f4 Kf8 97. Kf6 Ke8 98. Kg7 Ke7 99. f5 1-0

[Event "*** SCC Grand Prix: Titled Tuesday Blitz"]
[Site "Chess.com"]
[Date "2020.08.11"]
[Round "8"]
[White "Arseniy_Nesterov"]
[Black "Koksik_13"]
[Result "0-1"]
[WhiteElo "2740"]
[BlackElo "2637"]
[TimeControl "180+1"]
[EndTime "11:36:50 PDT"]
[Termination "Koksik_13 won on time"]

1. d4 e6 2. c4 d5 3. Nf3 a6 4.
Bg5 Nf6 5. Nbd2 Be7 6. g3 h6 7. Bxf6 Bxf6 8. Bg2 c5 9. dxc5 Bxb2 10. Rb1 Bf6 11.
O-O O-O 12. cxd5 exd5 13. Nb3 Nc6 14. Nfd4 Qe7 15. e3 Rd8 16. Nxc6 bxc6 17. Nd4 Bd7 18. Qc2 Rab8 19. Rb3 Bxd4 20. exd4 Qf6 21. Qd3 Rxb3 22.
axb3 Rb8 23. Ra1 Bf5 24. Qc3 Ra8 25. b4 g5 26. Bf1 Bc8 27. b5 cxb5 28. Bxb5 Kg7 29.
Bf1 h5 30. Bg2 Be6 31. c6 h4 32. c7 h3 33. Bf1 Bg4 34. f3 Bd7 35. Rb1 Rc8 36. Rb8 a5 37. Rxc8 Bxc8 38. Bb5 Qb6 39. Ba4 Qb1+ 40. Kf2 Qa2+ 41. Qc2 Qa1 42. Qd1 Qb2+ 43.
Qc2 Qa1 44. Ke3 Qg1+ 45. Qf2 Qc1+ 46. Qd2 Qxc7 47. Qc2 Qe7+ 48. Kf2 Qb4 49. Qd1 Qb2+ 50. Qc2 Qxd4+ 51. Ke2 Qc4+ 52. Qxc4 dxc4 53. Kd2 Be6 54. Kc3 Kf6 55. Kd4 Ke7 56. Bb5 Kd6 57. Ba4 f5 58.
Bc2 f4 59. Ba4 Bd5 60. gxf4 gxf4 61. Bd1 Ke6 62. Be2 Kd6 63. Bf1 a4 64. Bxh3 a3 65. Kc3 Bxf3 66. Bf5 Bd5 67. Bg4 f3 68. h4 f2 69. Be2 Ke5 70. h5 Kf6 71. Bf1 Kg5 72. Be2 Kh6 73. Kc2 Bf3 74. Bxc4 Kxh5 75. Kd2 Kg4 76.
Ke3 Kg3 77. Kd2 Kg2 78. Kc3 a2 79. Kb2 Be4 80. Kxa2 Kf3 81. Kb2 Ke3 82. Kc3 Bf3 83. Bf1 Be2 84. Bg2 Kf4 85. Kd2 Kg3 0-1

[Event "*** SCC Grand Prix: Titled Tuesday Blitz"]
[Site "Chess.com"]
[Date "2020.08.11"]
[Round "8"]
[White "Alexsur1981"]
[Black "abhidabhi"]
[Result "1/2-1/2"]
[WhiteElo "2608"]
[BlackElo "2786"]
[TimeControl "180+1"]
[EndTime "11:37:31 PDT"]
[Termination "Game drawn - insufficient material"]

1. e4 e6 2. d4 d5 3. Nd2 a6 4.
Ngf3 c5 5. dxc5 Bxc5 6. Bd3 Nf6 7. Qe2 Nc6 8. O-O O-O 9. e5 Nd7 10. Nb3 Be7 11. c3 Qc7 12. Re1 b5 13. Nbd4 Bb7 14. Nxc6 Bxc6 15. Bg5 Bxg5 16. Nxg5 h6 17. Qh5 Rae8 18.
Nh7 f5 19. Nxf8 Rxf8 20. Qe2 f4 21. f3 Qb6+ 22. Qf2 Qb8 23. Qd4 Qd8 24. b3 Qg5 25. Re2 Qe7 26. c4 dxc4 27. bxc4 b4 28. Be4 Ba4 29. Qd6 Qxd6 30. exd6 Nc5 31. Rae1 Rd8 32. Rd2 b3 33. axb3 Bxb3 34. Bc6 Bxc4 35. Rc2 Nd3 36. Ra1 Ne5 37. d7 Bb3 38. Rc3 Nxc6 39. Rxb3 Rxd7 40. Rb6 Nd4 41. Raxa6 Rc7 42. Rb1 Kf7 43.
Rd1 e5 44. Kf1 Nf5 45. Ke2 Ne3 46. Rda1 Rc2+ 47. Kd3 Rxg2 48. Rd6 Nf5 49. Ra7+ Kg8 50. Re6 Nd4 51. Rxe5 Nxf3 52. Rf5 Ne1+ 53. Ke4 f3 54. h4 Rg4+ 55. Ke3 Rxh4 56. Kf2 Nd3+ 57. Kxf3 Rh1 58. Ke3 Nb4 59. Rb5 Nc6 60. Rc7 Rh3+ 61.
Ke4 Rh4+ 62. Ke3 Nd4 63. Rd5 Ne6 64. Rc8+ Kf7 65. Re5 Kf6 66. Ra5 Rh3+ 67. Kf2 g5 68. Rc6 Rh4 69. Ke3 Rh3+ 70. Ke2 Rh4 71. Kd3 Rh3+ 72.
Ke2 Rh2+ 73. Kd1 Rh4 74. Raa6 Re4 75. Kd2 h5 76. Kd3 Re5 77. Rc8 h4 78. Rf8+ Kg6 79. Re8 Kf6 80. Rf8+ Kg7 81. Rfa8 Nf4+ 82. Kd4 Re7 83.
R6a7 Rxa7 84. Rxa7+ Kg6 85. Ke4 Kh5 86. Kf3 Ne6 87.
Rh7+ Kg6 88. Rh8 Kf5 89. Kg2 Kg4 90. Kh2 Nf4 91. Rb8 Kf3 92. Rb3+ Kg4 93. Rb4 Kf5 94.
Rb5+ Kg6 95. Rb4 Kh5 96. Ra4 Nd3 97. Ra5 Kg4 98. Ra4+ Kf5 99. Ra5+ Ne5 100. Kh3 Kf4 101. Ra4+ Kf3 102. Rxh4 gxh4 103. Kxh4 1/2-1/2

[Event "*** SCC Grand Prix: Titled Tuesday Blitz"]
[Site "Chess.com"]
[Date "2020.08.11"]
[Round "8"]
[White "redbaron8888"]
[Black "pirulillo"]
[Result "1-0"]
[WhiteElo "2405"]
[BlackElo "2227"]
[TimeControl "180+1"]
[EndTime "11:37:48 PDT"]
[Termination "redbaron8888 won by resignation"]

1. e4 c5 2. Nf3 e6 3. Qe2 Nc6 4. g3 g6 5. Bg2 Bg7 6. O-O Nge7 7.
c3 O-O 8. Na3 d5 9. d3 a6 10. h4 h6 11. Re1 Kh7 12. Nc2 b5 13. e5 Qc7 14. Bf4 Rb8 15. Rac1 a5 16. b3 Bb7 17. d4 c4 18. bxc4 dxc4 19. Ne3 Rbd8 20. a4 Nd5 21. Nxd5 Rxd5 22. axb5 Rxb5 23. Qxc4 Qb6 24. h5 g5 25. Qd3+ Kh8 26. Bxg5 a4 27. Bf4 Rb2 28. Qe3 Ne7 29. Bxh6 Nf5 30. Bxg7+ Kxg7 31.
Qg5+ Kh7 32. Qf6 Rg8 33. Ng5+ Rxg5 34. Qxg5 Bxg2 35. Kxg2 a3 36. Qf6 Qc6+ 37. Kg1 Qf3 38. Qxf7+ Kh8 39. Qe8+ Kh7 40. Qg6+ Kh8 41. Rf1 a2 42. h6 Rb7 43. Qxe6 Rb8 44. Qf6+ Kh7 45. Qf7+ Kh8 46. Qxa2 Rg8 47. Rc2 Nh4 48. Qxg8+ Kxg8 49. gxh4 Qg4+ 50. Kh2 Qxh4+ 51. Kg2 Qg4+ 52. Kh1 Qh5+ 53. Kg2 Qg6+ 54. Kf3 Qxc2 55. Rg1+ Kh7 56. Rg3 Qxc3+ 57. Kg2 Qxd4 58. Re3 Qd5+ 59. Kg3 Qe6 60. f4 Kxh6 61.
Kf3 Kh5 62. Kg3 Qg4+ 63. Kf2 Qxf4+ 64. Ke2 Qf7 65. e6 Qe7 66. Kd3 Kg5 67. Ke2 Kf4 68.
Rf3+ Kg4 69. Re3 Kg5 70. Kd3 Qa3+ 71. Ke2 Qe7 72. Kd3 Kf6 73. Rf3+ Kg6 74. Re3 Kg7 75. Ke2 Kf8 76. Rf3+ Ke8 77. Re3 Qg5 78. Kd3 Ke7 79. Ke2 Qb5+ 80. Kf3 Qd5+ 81. Ke2 Qa2+ 82. Kf3 Qd2 83.
Kf4 Kf6 84. e7 Qd4+ 85. Kf3 Qd5+ 86. Kf2 Qd2+ 87. Kf3 Qd1+ 88. Kf4 Qf1+ 89. Kg3 Qg1+ 90. Kf3 Qh1+ 91. Ke2 Qh2+ 92. Kd3 Qd6+ 93. Ke2 Qa6+ 94. Kf2 Qa2+ 95. Re2 Qa7+ 96. Kg3 Qc7+ 97. Kg2 Qc6+ 98. Kf1 Qe8 99. Rf2+ Kg5 100. Rg2+ Kf4 101. Rf2+ Ke3 102. Re2+ Kd3 103. Ke1 Kc3 104. Re3+ Kd4 105. Ke2 Qb5+ 106. Kf3 Qe8 107. Re4+ Kd3 108. Re3+ Kd2 109. Re2+ Kd1 110. Re3 Qc6+ 111. Re4 Qf6+ 112. Ke3 Qb6+ 113. Kf4 Qc7+ 114. Re5 Qc4+ 115. Kf5 Qf7+ 116. Ke4 Qe8 117. Re6 Kd2 118. Ke5 Kd3 119. Rd6+ Ke3 120. Ke6 Ke4 121. Rd8 Qg6+ 122. Kd7 Kd5 123. e8=Q Qc6+ 124. Ke7+ Kc4 125. Qxc6+ 1-0

[Event "*** SCC Grand Prix: Titled Tuesday Blitz"]
[Site "Chess.com"]
[Date "2020.08.11"]
[Round "8"]
[White "annamaja"]
[Black "NoboaKevin1999"]
[Result "1/2-1/2"]
[WhiteElo "2261"]
[BlackElo "2410"]
[TimeControl "180+1"]
[EndTime "11:38:02 PDT"]
[Termination "Game drawn by 50-move rule"]

1. e4 e6 2. d4 d5 3. Nd2 c5 4.
exd5 exd5 5. Ngf3 Nc6 6. Bb5 Qe7+ 7. Qe2 Qxe2+ 8. Kxe2 cxd4 9. Nxd4 Bd7 10. N2f3 Bd6 11. Re1 Nge7 12. Kf1 O-O 13. c3 Rfe8 14. Bg5 f6 15.
Bh4 Kf7 16. Bg3 Bxg3 17. hxg3 Rac8 18. Re3 a6 19. Ba4 g5 20. Nxc6 bxc6 21. Nd4 Ng6 22. Rxe8 Bxe8 23. Nb3 c5 24. Bxe8+ Kxe8 25. Rd1 Ne7 26.
Ke2 Kd7 27. Na5 Ke6 28. Kf3 Ng6 29. Re1+ Ne5+ 30. Ke2 Rb8 31. Nb3 Kd6 32. Rb1 Nc4 33.
f4 gxf4 34. gxf4 Rg8 35. Kf3 a5 36. Rh1 a4 37. Nc1 Nxb2 38. Rxh7 Nd1 39. Ne2 Rb8 40. Ra7 Nb2 41. Ra6+ Ke7 42. f5 Rb7 43. Nf4 d4 44.
cxd4 cxd4 45. Nd5+ Kd8 46. Nxf6 d3 47. Ne4 Rb4 48. Rd6+ Kc7 49. Rd5 Nc4 50. f6 Kc6 51. Rd8 d2 52. Nxd2 Ne5+ 53. Kf2 Rb2 54. f7 Nxf7 55.
Rd3 Ne5 56. Rc3+ Kb5 57. Ke1 Rxa2 58. Re3 Nc6 59. g4 Ra1+ 60. Ke2 a3 61. g5 a2 62. Ra3 Kb4 63. Ra8 Na5 64. Rb8+ Ka4 65. Ra8 Rg1 66. Nc4 a1=Q 67. Rxa5+ Kb4 68. Rxa1 Rxa1 69.
Ne5 Kc5 70. Kf3 Kd5 71. Ng4 Ra3+ 72. Kf4 Ke6 73. Ne3 Ra4+ 74. Kf3 Ke5 75. Kg3 Ra3 76. Kf3 Rb3 77. Kf2 Kf4 78. Nd5+ Kxg5 79. Ne3 Kf4 80.
Ng2+ Ke4 81. Ne1 Rb2+ 82. Kf1 Ke3 83. Ng2+ Kf3 84. Ne1+ Kg3 85. Nd3 Rd2 86. Ne1 Rf2+ 87. Kg1 Rf8 88. Nd3 Re8 89. Kf1 Kf3 90. Ne1+ Ke3 91.
Ng2+ Kd2 92. Kf2 Rf8+ 93. Kg3 Ke2 94. Nf4+ Ke3 95. Ng2+ Ke4 96. Kg4 Rg8+ 97. Kh3 Rg7 98. Nh4 Kf4 99. Ng2+ Kf3 100. Nh4+ Kf2 101. Kh2 Rg3 102. Nf5 Rg5 103. Nh4 Rg3 104. Nf5 Ra3 105. Nh4 Rb3 106. Nf5 Rb4 107. Kh3 Kf3 108. Nh4+ Kf2 109. Nf5 Rb3+ 110. Kh2 Rb8 111. Nh4 Rg8 112. Kh3 Rg3+ 113. Kh2 Rd3 114. Nf5 Rd5 115. Nh4 Rd4 116. Kh3 Ra4 117. Nf5 Kf3 118. Nh4+ Kf4 119. Ng2+ Kg5 120. Kg3 Ra3+ 121. Kf2 Kg4 122. Ne3+ Kf4 123. Ng2+ Ke4 124. Ke2 Ra2+ 125. Kf1 Rb2 126. Kg1 Kf3 127. Ne1+ Kg3 128. Kf1 Rf2+ 1/2-1/2

[Event "*** SCC Grand Prix: Titled Tuesday Blitz"]
[Site "Chess.com"]
[Date "2020.08.11"]
[Round "8"]
[White "GM_dmitrij"]
[Black "Gareth-Bale11"]
[Result "1/2-1/2"]
[WhiteElo "2930"]
[BlackElo "2819"]
[TimeControl "180+1"]
[EndTime "11:38:08 PDT"]
[Termination "Game drawn - insufficient material"]

1. e4 e5 2. Nf3 Nc6 3. Bc4 Bc5 4. c3 Nf6 5. d3 d6 6. O-O h6 7. Nbd2 O-O 8. Re1 a5 9. Nf1 Re8 10. Ng3 Bd7 11. a4 Qb8 12. Qb3 Re7 13. h3 Qa7 14.
Qc2 Ree8 15. Nh4 Ne7 16. Qe2 Be6 17. Qf3 Kh7 18. Nhf5 Nfg8 19. Be3 Bxe3 20. Nxe3 Bxc4 21. Nxc4 Nf6 22. Rad1 Ng6 23. Nf5 Rad8 24. g3 Qa6 25.
Nce3 Qb6 26. Rb1 Qc6 27. Ra1 d5 28. exd5 Nxd5 29. Nc4 Qf6 30. Qe4 b6 31. h4 h5 32.
Nd2 Nde7 33. Ne3 Kg8 34. Nf3 Qc6 35. Nc4 Qxe4 36. dxe4 f6 37. Red1 Kf7 38. Kf1 Nf8 39. Ke2 Ne6 40. b4 axb4 41. cxb4 Nc6 42. Rxd8 Rxd8 43.
Rb1 Ncd4+ 44. Nxd4 Rxd4 45. Nd2 Rd8 46. a5 Ra8 47. Nb3 bxa5 48. bxa5 Rb8 49. Nd2 Ra8 50. Ra1 Nd4+ 51. Kd3 Ke6 52. Kc4 Kd6 53. Ra2 Nc6 54.
Nb3 Rb8 55. Rd2+ Ke7 56. a6 Rb4+ 57. Kc3 Ra4 58. Rd5 Nb4 59. Ra5 Rxa5 60. Nxa5 Nxa6 61. Kc4 Nb8 62. Kd5 Kd7 63. Nb3 Na6 64. Kc4 c6 65. f4 Kd6 66. Na5 Nc7 67. Nb7+ Kd7 68. Nc5+ Ke7 69. Nd3 Kd6 70. f5 Nb5 71. Nc5 Nd4 72.
Nb7+ Ke7 73. Nc5 Ne2 74. Ne6 Kf7 75. Nd8+ Kg8 76. Kd3 Nd4 77. Kc4 Kh7 78. Ne6 Ne2 79. Kd3 Nxg3 80. Nf8+ Kg8 81. Ne6 Kf7 82. Nd8+ Ke8 83.
Nxc6 Kd7 84. Nb4 Kd6 85. Ke3 Kc5 86. Nd3+ Kc4 87. Nb2+ Kc3 88. Na4+ Kb4 89. Nb6 Kc5 90. Nc8 Kc6 91. Ne7+ Kd7 92. Nd5 Kd6 93. Nb6 Ke7 94.
Nd5+ Kf7 95. Nb6 g6 96. fxg6+ Kxg6 97. Nd7 Kf7 98. Kf3 Nf1 99. Ke2 Nh2 100. Nc5 Ng4 101. Kf3 Kg6 102. Nd7 f5 103. exf5+ Kxf5 104. Nc5 Nf6 105. Nb3 e4+ 106. Ke3 Ke5 107. Nd2 Nd5+ 108. Ke2 Kf4 109. Nc4 Nf6 110. Nd6 Ke5 111. Nf7+ Kf4 112. Nd8 Kg4 113. Ke3 Kxh4 114. Kf4 Kh3 115. Ne6 e3 116. Kxe3 Kg3 117. Nf4 Ng4+ 118. Ke4 h4 119. Kf5 Ne3+ 120. Kg5 Ng2 121. Ne2+ Kf2 122. Nf4 Nxf4 123. Kxh4 1/2-1/2

[Event "*** SCC Grand Prix: Titled Tuesday Blitz"]
[Site "Chess.com"]
[Date "2020.08.11"]
[Round "9"]
[White "Bodnar_Mykola"]
[Black "Bigfish1995"]
[Result "0-1"]
[WhiteElo "2546"]
[BlackElo "2944"]
[TimeControl "180+1"]
[EndTime "11:40:51 PDT"]
[Termination "Bigfish1995 won by resignation"]

1. e4 c5 2. Nf3 d6 3. d4 cxd4 4. Nxd4 Nf6 5. Nc3 a6 6. h3 e5 7.
Nde2 h5 8. Bg5 Be6 9. Bxf6 Qxf6 10. Nd5 Qd8 11. Qd3 Nd7 12. O-O-O g6 13. Kb1 h4 14. g3 Rc8 15. f4 hxg3 16. Qxg3 Qh4 17. Qf3 Bxd5 18. Rxd5 Bh6 19. f5 Qe1+ 0-1

[Event "*** SCC Grand Prix: Titled Tuesday Blitz"]
[Site "Chess.com"]
[Date "2020.08.11"]
[Round "9"]
[White "chigorin28"]
[Black "Djager97"]
[Result "1-0"]
[WhiteElo "2453"]
[BlackElo "2590"]
[TimeControl "180+1"]
[EndTime "11:40:56 PDT"]
[Termination "chigorin28 won by resignation"]

1. e4 c5 2. Nf3 Nc6 3. c3 d5 4.
exd5 Qxd5 5. d4 cxd4 6. cxd4 e5 7. Nc3 Bb4 8. Bd2 Bxc3 9. Bxc3 e4 10. Ne5 Nxe5 11. dxe5 Ne7 12. g3 O-O 13. Bg2 Bf5 14. O-O Rfd8 15. Qe2 Nc6 16. Rfd1 Qe6 17. Bxe4 Bxe4 18.
Qxe4 Rxd1+ 19. Rxd1 Qxa2 20. Rd7 b6 21. Qxc6 1-0

[Event "*** SCC Grand Prix: Titled Tuesday Blitz"]
[Site "Chess.com"]
[Date "2020.08.11"]
[Round "9"]
[White "juancruzarias"]
[Black "a3aki"]
[Result "1/2-1/2"]
[WhiteElo "2353"]
[BlackElo "2117"]
[TimeControl "180+1"]
[EndTime "11:41:00 PDT"]
[Termination "Game drawn by repetition"]

1. d4 Nf6 2. Nf3 g6 3. Bg5 Bg7 4. Nbd2 d5 5. c3 O-O 6. e3 h6 7. Bh4 c5 8. Be2 cxd4 9. exd4 Nc6 10. O-O Bf5 11. Re1 g5 12. Bg3 Bg6 13. Ne5 Nxe5 14.
Bxe5 Ne4 15. Bxg7 Kxg7 16. Nxe4 Bxe4 17. Bd3 Bxd3 18. Qxd3 e6 19. Re3 Qd6 20. Rae1 Rae8 21. Qe2 f5 22. Rxe6 Rxe6 23. Qxe6 Qxe6 24. Rxe6 Kf7 25.
Re5 Re8 26. Rxe8 Kxe8 27. Kf1 Ke7 28. Ke2 Ke6 29. Kd3 a6 30. a4 b5 31. axb5 axb5 32. b3 Kd6 33. c4 b4 34. cxd5 Kxd5 35. Ke3 h5 36. Kd3 h4 37. h3 g4 38. f3 gxf3 39.
gxf3 f4 40. Kc2 Kxd4 41. Kd2 Ke5 42. Kd3 Kd5 43. Kc2 Kd4 44. Kd2 Ke5 45. Ke2 Kd4 46.
Kd2 1/2-1/2

[Event "*** SCC Grand Prix: Titled Tuesday Blitz"]
[Site "Chess.com"]
[Date "2020.08.11"]
[Round "9"]
[White "AldokhinIvan"]
[Black "Manukyan_Artak"]
[Result "1-0"]
[WhiteElo "2539"]
[BlackElo "2355"]
[TimeControl "180+1"]
[EndTime "11:41:03 PDT"]
[Termination "AldokhinIvan won by checkmate"]

1. e4 c6 2. Nc3 d5 3. Nf3 Bg4 4. h3 Bxf3 5. Qxf3 Nf6 6. g3 e5 7. Bg2 d4 8. Ne2 c5 9. d3 Nc6 10. O-O Bd6 11. g4 O-O 12. Ng3 Nd7 13. Nf5 Nb6 14.
Bd2 c4 15. Qg3 Nb4 16. Bxb4 Bxb4 17. Qxe5 cxd3 18. Qxg7# 1-0

[Event "*** SCC Grand Prix: Titled Tuesday Blitz"]
[Site "Chess.com"]
[Date "2020.08.11"]
[Round "9"]
[White "Roza_Idrisova"]
[Black "coocloo"]
[Result "1-0"]
[WhiteElo "2205"]
[BlackElo "2025"]
[TimeControl "180+1"]
[EndTime "11:41:16 PDT"]
[Termination "Roza_Idrisova won by resignation"]

1. d4 d5 2. Nf3 Nf6 3. Bg5 e6 4. e3 h6 5. Bh4 Be7 6. Nbd2 O-O 7.
Bd3 b6 8. O-O Bb7 9. Ne5 Nbd7 10. f4 Ne4 11. Bxe7 Qxe7 12. Ndf3 Ndf6 13. c3 c5 14. Rc1 cxd4 15. exd4 Rac8 16. Qe2 Nd6 17. Rfe1 Nfe4 18. Bb1 a6 19. Nd2 Nf6 20. Nd3 Nfe4 21. Nxe4 Nxe4 22. Ne5 Nd6 23. h3 b5 24. a3 Qh4 25.
Qf2 a5 26. Qxh4 1-0

[Event "*** SCC Grand Prix: Titled Tuesday Blitz"]
[Site "Chess.com"]
[Date "2020.08.11"]
[Round "9"]
[White "Ave_Mariia"]
[Black "AleksanderHnydiuk"]
[Result "0-1"]
[WhiteElo "2390"]
[BlackElo "2548"]
[TimeControl "180+1"]
[EndTime "11:41:41 PDT"]
[Termination "AleksanderHnydiuk won by resignation"]

1. d4 d5 2. c4 c6 3. Nf3 Nf6 4. g3 g6 5. Bg2 Bg7 6. O-O O-O 7. cxd5 cxd5 8. Ne5 e6 9. Nc3 Nfd7 10. Bf4 Nxe5 11. Bxe5 Bxe5 12. dxe5 Nc6 13. f4 Qb6+ 14. Kh1 Qxb2 15.
Rc1 Bd7 16. e4 d4 17. Na4 Qb4 18. Nc5 Rfd8 19. f5 Nxe5 20. Qd2 Qxd2 0-1

[Event "*** SCC Grand Prix: Titled Tuesday Blitz"]
[Site "Chess.com"]
[Date "2020.08.11"]
[Round "9"]
[White "Chess_Boxer123"]
[Black "killer311"]
[Result "1-0"]
[WhiteElo "2586"]
[BlackElo "2441"]
[TimeControl "180+1"]
[EndTime "11:41:53 PDT"]
[Termination "Chess_Boxer123 won by resignation"]

1. d4 d5 2. Bf4 Nf6 3. e3 c5 4. Nf3 e6 5. c3 Nc6 6. Nbd2 cxd4 7. exd4 Nh5 8. Be3 Bd6 9. Ne5 g6 10. Nd3 O-O 11. g3 Ng7 12. Bg2 Nf5 13. Bf4 Bxf4 14. Nxf4 e5 15. dxe5 Nxe5 16. O-O d4 17. cxd4 Qxd4 18. Ne4 Rd8 19. Qb3 Qc4 20. Qa3 Be6 21. Rac1 Qb5 22. Nxe6 fxe6 23. Rc5 Qb6 24. Rxe5 Nd4 25.
Nf6+ Kf7 26. Nxh7 1-0